 Dungeon Crawl Stone Soup version 0.16-a0-3997-g61da7c2 (webtiles) character file.

15 kroki the Caller (level 2, 0/13 HPs)
             Began as a Vine Stalker Summoner on Feb 13, 2015.
             Slain by a gnoll
             ... wielding a +0 whip
              (5 damage)
             ... on level 1 of the Dungeon.
             The game lasted 00:01:46 (716 turns).

kroki the Caller (Vine Stalker Summoner)             Turns: 716, Time: 00:01:46

Health: 0/13       AC:  2    Str: 10    XL:     2   Next: 50%
Magic:  0/6        EV: 12    Int: 15    God:
Gold:   34         SH:  0    Dex: 14    Spells: 1 memorised, 5 levels left

rFire  . . .     SeeInvis .       - Unarmed
rCold  . . .     Clarity  .     a - +0 robe
rNeg   . . .     SustAb   .     (no shield)
rPois  .         Gourm    .     (no helmet)
rElec  .         Spirit   +     (no cloak)
rCorr  .         Warding  .     (no gloves)
rMut   .         Stasis   .     (no boots)
MR     .....                    (no amulet)
Stlth  ++........               (no ring)
                                (no ring)

@: not resistant to hostile enchantments, unstealthy
A: fangs 2, regeneration 1, magic shield, antimagic bite, no device heal 3, rot
immunity
a: no special abilities


You were on level 1 of the Dungeon.
You were not hungry.

You visited 1 branch of the dungeon, and saw 1 of its levels.

You collected 34 gold pieces.

Inventory:

Hand weapons
 h - a +0 dagger
   (You took it off a kobold on level 1 of the Dungeon)
 i - a +0 short sword
   (You took it off a kobold on level 1 of the Dungeon)
 l - a +0 club
   (You took it off a hobgoblin on level 1 of the Dungeon)
 m - a +0 club
   (You took it off a hobgoblin on level 1 of the Dungeon)
 n - a +0 club
   (You took it off a hobgoblin on level 1 of the Dungeon)
 o - a +0 short sword
   (You took it off a kobold on level 1 of the Dungeon)
 p - a +0 club
   (You took it off a hobgoblin on level 1 of the Dungeon)
Missiles
 g - 29 stones (quivered)
Armour
 a - a +0 robe (worn)
Scrolls
 d - a scroll of fog {unknown}
 e - a scroll of magic mapping {unknown}
 f - a scroll of blinking {unknown}
 j - 2 scrolls of teleportation {unknown}
 k - a scroll of identify {unknown}
Books
 b - a book of Callings
Comestibles
 c - a bread ration {@e1}


   Skills:
 - Level 1.5 Dodging
 - Level 2.4 Stealth
 - Level 1.6 Unarmed Combat
 + Level 2.5 Spellcasting
 - Level 4.0 Summonings


You had 5 spell levels left.
You knew the following spells:

 Your Spells              Type           Power        Failure   Level  Hunger
a - Summon Small Mammal   Summ           ##..         4%          1    #......


Dungeon Overview and Level Annotations

Branches:
Dungeon (1/15)

Altars:


Innate Abilities, Weirdness & Mutations

You have extremely sharp teeth.
Your natural rate of healing is unusually fast.
When hurt, damage is shared between your health and your magic reserves.
Your bite disrupts and absorbs the magic of your enemies.
Potions and wands cannot restore your health.
You are immune to rotting.


Message History

The stone hits the rat but does no damage.
Your quokka closely misses the rat.
Your rat bites the rat.
The rat bites your rat.
Your rat dies!
Your rat's corpse disappears in a puff of smoke!
Your quokka bites the rat.
The rat dies!
Unknown command.
No target in view!
No target in view!
You start resting.
Your quokka disappears in a puff of smoke!
Health restored: 13; MP restored: 6
g - 36 stones (gained 1)
You see here a rat corpse.
You see here a hobgoblin corpse.
A giant newt comes into view.
A giant newt is nearby!
A giant newt is nearby!
A giant newt is nearby!
A giant newt is nearby!
The helpless giant newt fails to defend itself.
You hit the giant newt. The giant newt barely misses you.
A giant newt is nearby!
You miss the giant newt. Your bite misses the giant newt.
The giant newt bites you but does no damage.
A giant newt is nearby!
You miss the giant newt. The giant newt barely misses you.
A giant newt is nearby!
A giant newt is nearby!
You hit the giant newt.
You kill the giant newt!
You see here a giant newt corpse.
A bat comes into view.
You throw a stone.
The stone hits the bat but does no damage.
A bat is nearby!
You throw a stone. The stone barely misses the bat.
A bat is nearby!
A bat is nearby!
You throw a stone.
The stone hits the bat but does no damage.
The bat barely misses you.
A bat is nearby!
You hit the bat but do no damage. Your bite misses the bat.
The bat hits you but does no damage.
You throw a stone. The stone misses the bat.
The bat misses you.
You hit the bat.
You kill the bat!
g - 33 stones (gained 1)
A goblin comes into view. It is wielding a dagger.
You see here a bat corpse.
You throw a stone. The stone hits the goblin.
The goblin shouts!
A gnoll comes into view. It is wielding a whip.
There are monsters nearby!
You throw a stone. The stone hits the goblin.
You kill the goblin!
A gnoll is nearby!
You throw a stone. The stone closely misses the gnoll.
A gnoll is nearby!
Unknown command.
You now have 5/6 mp.
You now have 4/6 mp.
You now have 3/6 mp.
You throw a stone.
The stone hits the gnoll but does no damage.
Your rat bites the gnoll but does no damage.
The gnoll closely misses your bat.
Your bat barely misses the gnoll.
Really fire through your bat? [Y]es or [N]o only, please.
Really fire through your bat? [Y]es or [N]o only, please.
Really fire through your bat? [Y]es or [N]o only, please.
Really fire through your bat? [Y]es or [N]o only, please.
Really fire through your bat?
Okay, then.
Unknown command.
You swap places.
The gnoll closely misses you.
You see here a stone.
You hit the gnoll. Your bite misses the gnoll.
Your bat barely misses the gnoll.
Your rat barely misses the gnoll.
The gnoll hits you with a whip.
You take 2 damage, and have 11/13 hp.
You barely miss the gnoll. You bite the gnoll. You drain its power.
You feel invigorated.
Your rat misses the gnoll. The gnoll hits you with a whip.
You take 4 damage, and have 7/13 hp.
MASSIVE DAMAGE!!
You completely miss the gnoll.
Your bat barely misses the gnoll.
Your rat closely misses the gnoll.
The gnoll hits you with a whip.
You take 2 damage, and have 5/13 hp.
You now have 3/6 mp.
Unknown command.
You hit the gnoll. Your bite misses the gnoll.
Your bat hits the gnoll but does no damage.
Your rat barely misses the gnoll.
Your bat closely misses the gnoll.
The gnoll hits you with a whip!
You die...

## . .### .. ... .
#.##.########.## #(.
##.##...........#.(.!
#............br..$#...
#..##.####..r@g.(..(.#
#..##.####...#........
#............#.#..###
#..##..###.....# .#
####..##.............#
.....................
##....##†...........
##.#..###.#####.###.
.# ##†#..###.### #.#
#..


You could see a gnoll, a friendly bat and 2 friendly rats.

Vanquished Creatures
  2 goblins (D:1)
  4 hobgoblins (D:1)
  3 kobolds (D:1)
  5 bats (D:1)
  A giant newt (D:1)
15 creatures vanquished.

Vanquished Creatures (collateral kills)
  A hobgoblin (D:1)
  A rat (D:1)
2 creatures vanquished.

Vanquished Creatures (others)
  A bat (D:1)
  3 rats (D:1)
4 creatures vanquished.

Grand Total: 21 creatures vanquished

Notes
Turn   | Place    | Note
--------------------------------------------------------------
     0 | D:1      | kroki, the Vine Stalker Summoner, began the quest for the Orb.
     0 | D:1      | Reached XP level 1. HP: 9/9 MP: 3/3
    93 | D:1      | HP: 2/9 [kobold/short sword (3)]
   207 | D:1      | Reached skill level 1 in Unarmed Combat
   257 | D:1      | HP: 2/9 [hobgoblin/club (2)]
   293 | D:1      | HP: 2/9 [hobgoblin/club (4)]
   355 | D:1      | Reached XP level 2. HP: 13/13 MP: 5/5
   716 | D:1      | Slain by a gnoll

Action                   || total
-------------------------++-------
Melee: Unarmed           ||    84
Throw: Stone             ||    19
 Cast: Summon Small Mamm ||    12
 Stab: Sleeping          ||     1

Vault maps used:
D:1:      dpeg_arrival_rooms_b

Table legend:
 A = Turns spent in this place as a percentage of turns spent in the entire game.
 B = Non-inter-level travel turns spent in this place as a percentage of non-inter-level travel turns spent in the entire game.
 C = Inter-level travel turns spent in this place as a percentage of turns spent in this place.
 D = Turns resting spent in this place as a percentage of non-inter-level travel turns spent in this place.
 E = Turns spent auto-exploring this place as a percentage of non-inter-level travel turns spent in this place.
 F = Non-inter-level travel turns spent in this place divided by the number of levels of this place that you've seen.
                   A       B       C       D       E      F
               +-------+-------+-------+-------+-------+----------------------
         Total | 100.0 | 100.0 |   0.0 |   2.1 |   5.8 | 379.0
       Dungeon | 100.0 | 100.0 |   0.0 |   2.1 |   5.8 | 379.0
               +-------+-------+-------+-------+-------+----------------------

Table legend:
 A = Kills in this place as a percentage of kills in entire the game.
 B = Kills by you in this place as a percentage of kills by you in the entire game.
 C = Kills by friends in this place as a percentage of kills by friends in the entire game.
 D = Other kills in this place as a percentage of other kills in the entire game.
 E = Experience gained in this place as a percentage of experience gained in the entire game.
 F = Experience gained in this place divided by the number of levels of this place that you have seen.
                   A       B       C       D       E      F
               +-------+-------+-------+-------+-------+----------------------
         Total | 100.0 | 100.0 | 100.0 |  -nan | 100.0 |  22.0
       Dungeon | 100.0 | 100.0 | 100.0 |  -nan | 100.0 |  22.0
               +-------+-------+-------+-------+-------+----------------------
